 Dungeon Crawl Stone Soup version 0.16-a0-3807-g3748f16 (webtiles) character file.

217 Ololoev the Caller (level 5, -4/35 HPs)
             Began as a Mummy Summoner on Jan 27, 2015.
             Killed by divine providence
             ... invoked by an orc priest
              (14 damage)
             ... on level 4 of the Dungeon.
             The game lasted 00:07:37 (3482 turns).

Ololoev the Caller (Mummy Summoner)                 Turns: 3482, Time: 00:07:38

Health: -4/35      AC:  4    Str: 11    XL:     5   Next: 62%
Magic:  9/9        EV: 12    Int: 13    God:
Gold:   161        SH:  0    Dex: 12    Spells: 3 memorised, 2 levels left

rFire  x . .     SeeInvis .     f - +1 dagger (venom)
rCold  + . .     Clarity  .     i - +0 robe (curse)
rNeg   + + +     SustAb   .     (no shield)
rPois  ∞         Gourm    .     (no helmet)
rElec  .         Spirit   .     (no cloak)
rCorr  .         Warding  .     g - +0 pair of gloves
rMut   .         Stasis   .     d - +0 pair of boots
MR     .....                    (no amulet)
Stlth  ++........               a - -2 ring of intelligence (curse)
                                c - ring of teleport control

@: not resistant to hostile enchantments, unstealthy
A: no food or potions, fire vulnerability, restore body, cold resistance 1,
negative energy resistance 3, poison resistance, torment resistance, unbreathing
a: Evoke Teleport Control


You were on level 4 of the Dungeon.
You were not hungry.

You visited 1 branch of the dungeon, and saw 4 of its levels.

You collected 161 gold pieces.

Notes
Turn   | Place    | Note
--------------------------------------------------------------
     0 | D:1      | Ololoev, the Mummy Summoner, began the quest for the Orb.
     0 | D:1      | Reached XP level 1. HP: 13/13 MP: 3/3
   782 | D:1      | Reached XP level 2. HP: 14/19 MP: 4/4
   867 | D:1      | Learned a level 2 spell: Call Imp
  1455 | D:2      | Reached skill level 4 in Summonings
  1633 | D:2      | Reached XP level 3. HP: 20/24 MP: 6/6
  1638 | D:2      | Learned a level 3 spell: Call Canine Familiar
  2299 | D:3      | Reached XP level 4. HP: 30/30 MP: 7/7
  2396 | D:3      | Noticed Jessica
  2419 | D:3      | Killed Jessica
  2655 | D:3      | Noticed Somebody's ghost (weakling DsGl)
  2707 | D:3      | Found a white marble altar of Elyvilon.
  2816 | D:3      | Reached skill level 5 in Summonings
  2857 | D:3      | Killed Somebody's ghost
  3180 | D:4      | Reached XP level 5. HP: 28/35 MP: 9/9
  3188 | D:4      | Reached skill level 1 in Armour
  3482 | D:4      | Killed from afar by an orc priest

Inventory:

Hand weapons
 f - a +1 dagger of venom (weapon)
Armour
 d - a +0 pair of boots (worn)
 g - a +0 pair of gloves (worn)
 i - a cursed +0 robe (worn)
Jewellery
 a - a cursed -2 ring of intelligence (right hand)
 c - a ring of teleport control (left hand)
Magical devices
 h - a wand of polymorph (9)
Scrolls
 e - a scroll of fear
 j - a scroll of identify
Books
 b - a book of Callings

   Spells                             Type                      Level
   a - Summon Small Mammal            Summoning                    1
   b - Call Imp                       Summoning                    2
   c - Call Canine Familiar           Summoning                    3
   d - Summon Guardian Golem          Hexes/Summoning              4
   e - Summon Lightning Spire         Summoning/Air                4
   f - Summon Ice Beast               Ice/Summoning                4

Table legend:
 A = Turns spent in this place as a percentage of turns spent in the entire game.
 B = Non-inter-level travel turns spent in this place as a percentage of non-inter-level travel turns spent in the entire game.
 C = Inter-level travel turns spent in this place as a percentage of turns spent in this place.
 D = Turns resting spent in this place as a percentage of non-inter-level travel turns spent in this place.
 E = Turns spent auto-exploring this place as a percentage of non-inter-level travel turns spent in this place.
 F = Non-inter-level travel turns spent in this place divided by the number of levels of this place that you've seen.
                   A       B       C       D       E      F
               +-------+-------+-------+-------+-------+----------------------
         Total | 100.0 | 100.0 |   0.5 |   4.1 |  10.6 | 250.8
       Dungeon | 100.0 | 100.0 |   0.5 |   4.1 |  10.6 | 250.8
               +-------+-------+-------+-------+-------+----------------------


   Skills:
 + Level 1.6 Armour
 - Level 1.5 Dodging
 - Level 1.5 Stealth
 - Level 2.0 Spellcasting
 + Level 5.4 Summonings


You had 2 spell levels left.
You knew the following spells:

 Your Spells              Type           Power        Failure   Level  Hunger
a - Summon Small Mammal   Summ           ###.         3%          1    N/A
b - Call Imp              Summ           ###.....     6%          2    N/A
c - Call Canine Familiar  Summ           ###.....     12%         3    N/A

Dungeon Overview and Level Annotations

Branches:
Dungeon (4/15)
 Temple: D:4-7

Altars:
Elyvilon


Innate Abilities, Weirdness & Mutations

You do not eat or drink.
Your flesh is vulnerable to fire.
Your flesh is cold resistant.
You are immune to negative energy.
Your system is resistant to poisons.
You are immune to unholy pain and torment.
You can survive without breathing.


Message History

The hound is almost dead.
The hound bites you but does no damage. The hound barely misses you.
You barely miss the hound.
The hound is almost dead.
You kill the hound!
You start resting.
HP restored.
You see here 17 stones.
You see here a mace.
e - a scroll of fear
Found a leather armour.
A hound and an orc come into view.
The orc shouts!
A goblin comes into view.
An orc priest comes into view. It is wielding a club.
The orc priest shouts!
The hound barely misses you.
The orc priest utters an invocation to Beogh.
You feel a wave of unholy energy pass over you.
The hound bites you but does no damage.
You hit the hound.
The hound is poisoned.
The hound is moderately wounded.
The hound closely misses you. The hound barely misses you.
The hound bites you but does no damage. The hound bites you.
You barely miss the hound.
The hound is almost dead.
The hound closely misses you.
You closely miss the hound.
The hound is almost dead.
The hound closely misses you. The hound bites you.
You hit the hound.
You kill the hound!
You closely miss the orc. The orc hits you with a flail!
You hit the orc but do no damage.
The orc is poisoned.
The orc hits you with a flail!
The orc priest invokes the aid of Beogh against you.
Something smites you!
You die...

....# #...#
#...# #.#.# #.#
#.#.#####......
#.#.o..g=o.....
#o#####..##.##
##.## .# ##
##@###..# #.#
##.o...### #.#
##..........
#.###...[...###
#.#.#####..#
#..# ..# #..#
.# #..# # .
#..# ...


You could see an orc priest and an orc.

Table legend:
 A = Kills in this place as a percentage of kills in entire the game.
 B = Kills by you in this place as a percentage of kills by you in the entire game.
 C = Kills by friends in this place as a percentage of kills by friends in the entire game.
 D = Other kills in this place as a percentage of other kills in the entire game.
 E = Experience gained in this place as a percentage of experience gained in the entire game.
 F = Experience gained in this place divided by the number of levels of this place that you have seen.
                   A       B       C       D       E      F
               +-------+-------+-------+-------+-------+----------------------
         Total | 100.0 | 100.0 | 100.0 |  -nan | 100.0 |  77.8
       Dungeon | 100.0 | 100.0 | 100.0 |  -nan | 100.0 |  77.8
               +-------+-------+-------+-------+-------+----------------------

Vanquished Creatures
  2 hounds (D:4)
  A worker ant (D:4)
  Jessica (D:3)
  4 adders
  A worm (D:2)
  4 giant geckos
  5 bats
  3 giant cockroaches
  4 goblins
  2 hobgoblins
  3 kobolds
  2 quokkas
  5 giant newts
  5 jackals
  12 rats
54 creatures vanquished.

Vanquished Creatures (collateral kills)
  The ghost of Somebody the Skirmisher, a weakling DsGl (D:3)
  2 bats (D:1)
  A hobgoblin (D:1)
  A rat (D:1)
5 creatures vanquished.

Vanquished Creatures (others)
  A shadow imp (D:3)
  A bat (D:1)
2 creatures vanquished.

Grand Total: 61 creatures vanquished

Action                   |  1- 3 |  4- 6 || total
-------------------------+-------+-------++-------
Melee: Whip              |    70 |       ||    70
       Unarmed           |    16 |       ||    16
       Dagger            |   102 |    78 ||   180
 Cast: Summon Small Mamm |     4 |       ||     4
       Call Imp          |     2 |     2 ||     4
       Call Canine Famil |       |     1 ||     1
  Use: Scroll            |     6 |     2 ||     8
 Stab: Sleeping          |     8 |       ||     8

Vault maps used:
D:1:      scummos_arrival_simple_crosswalls
D:2:      minmay_rat_gold_closets
D:3:      elyvilon_altar_5, uniq_jessica
